 Dungeon Crawl Stone Soup version 0.19.5 (webtiles) character file.

119 epen the Insei (level 4, -6/33 HPs)
             Began as a Demonspawn Transmuter on July 29, 2017.
             Mangled by a gnoll
             ... wielding a +0 spear
              (10 damage)
             ... on level 3 of the Dungeon.
             The game lasted 00:04:34 (2621 turns).

epen the Insei (Demonspawn Transmuter)              Turns: 2621, Time: 00:04:35

Health: -6/33      AC:  2    Str: 11    XL:     4   Next: 74%
Magic:  8/8        EV: 12    Int: 14    God:
Gold:   110        SH:  0    Dex: 14    Spells: 2 memorised, 4 levels left

rFire  . . .     SeeInvis .     f - +2 short sword (venom)
rCold  . . .     Gourm    .     b - +0 robe
rNeg   . . .     Faith    .     (no shield)
rPois  .         Spirit   .     (no helmet)
rElec  .         Reflect  .     (no cloak)
rCorr  .         Harm     .     (no gloves)
MR     .....                    (no boots)
Stlth  +.........               e - amulet of magic regeneration
                                (no ring)
                                (no ring)

@: no status effects
A: spiny 1
a: no special abilities


You were on level 3 of the Dungeon.
You were not hungry.

You visited 1 branch of the dungeon, and saw 3 of its levels.

You collected 110 gold pieces.

Inventory:

Hand Weapons
 f - a +2 short sword of venom (weapon)
Missiles
 a - 57 arrows
Armour
 b - a +0 robe (worn)
Jewellery
 e - an amulet of magic regeneration (around neck)
Scrolls
 g - a scroll of recharging {unknown}
 i - 3 scrolls of remove curse
 o - a scroll of enchant weapon
Potions
 h - a potion of cancellation
 j - 2 potions of heal wounds {unknown}
 k - a potion of degeneration {unknown}
 l - 2 potions of invisibility
 m - a potion of cure mutation {unknown}
 q - a potion of flight {unknown}
Books
 c - a book of Changes

   Spells                             Type                      Level
   a - Beastly Appendage              Transmutation                1
   b - Sticks to Snakes               Transmutation                2
   c - Spider Form                    Transmutation/Poison         3
   d - Ice Form                       Ice/Transmutation            4
   e - Blade Hands                    Transmutation                5
Comestibles
 d - 2 bread rations
 n - 5 fruits
 p - 2 chunks of flesh


   Skills:
 + Level 2.0 Fighting
 + Level 2.2 Dodging
 * Level 3.6 Unarmed Combat
 + Level 2.6 Spellcasting
 + Level 2.4 Transmutations


You had 4 spell levels left.
You knew the following spells:

 Your Spells              Type           Power        Failure   Level  Hunger
a - Beastly Appendage     Tmut           #.....       10%         1    #......
b - Spider Form           Tmut/Pois      #.........   47%         3    ###....


Dungeon Overview and Level Annotations

Branches:
Dungeon (3/15)

Altars:
Kikubaaqudgha
Qazlal

Annotations:
D:3 epen's ghost, amateur DsTm


Innate Abilities, Weirdness & Mutations

You are partially covered in sharp spines.


Message History

The gnoll is heavily wounded.
The gnoll barely misses you. The gnoll is struck by your spines.
You kill the gnoll!
Your Fighting skill increases to level 2!
The gnoll is struck by your spines. The gnoll closely misses you.
The gnoll hits you from afar with a spear.
The orc drinks a potion.
The orc flickers and vanishes!
Deactivating autopickup; reactivate with Ctrl-A.
You see here a spear.
You closely miss the gnoll.
The gnoll is moderately wounded.
The orc shouts!
The gnoll hits you with a halberd.
The gnoll hits you from afar with a spear.
You closely miss the gnoll.
The gnoll is moderately wounded.
The gnoll hits you with a halberd!
* * * LOW HITPOINT WARNING * * *
The gnoll hits you from afar with a spear!
You die...

################
###.............?#
......##########.#
###...# #.# #####
#.# #.# #.# ####
#@# ...# #g#
##)#########


ogg #........... ##W{# .###.###########o.# .# #(..h..........#
.###...###........l #.o.##(# #h.####.## ######.###.W# You could see epen's
ghost, 3 gnolls, 2 orcs and a frilled lizard (wandering).

Vanquished Creatures
  Ijyb (D:2)
  A gnoll (D:3)
  3 adders (D:2)
  A worm (D:2)
  A dart slug (D:2)
  3 leopard geckos
  3 orcs (D:3)
  2 ball pythons (D:2)
  3 giant cockroaches
  3 goblins (D:1)
  6 hobgoblins
  A jackal (D:3)
  8 kobolds
  2 frilled lizards (D:1)
  7 rats
45 creatures vanquished.

Notes
Turn   | Place    | Note
-------+----------+-------------------------------------------
     0 | D:1      | epen the Demonspawn Transmuter began the quest for the Orb.
     0 | D:1      | Reached XP level 1. HP: 15/15 MP: 3/3
   478 | D:1      | Reached skill level 3 in Unarmed Combat
   487 | D:1      | Gained mutation: You are partially covered in sharp spines. [demonic ancestry]
   487 | D:1      | Reached XP level 2. HP: 18/21 MP: 5/5
  1404 | D:2      | Reached XP level 3. HP: 19/26 MP: 6/6
  1820 | D:2      | Found a stormy altar of Qazlal.
  1924 | D:2      | Noticed Ijyb
  1935 | D:2      | Killed Ijyb
  1935 | D:2      | Reached XP level 4. HP: 21/33 MP: 7/7
  2162 | D:2      | Found an ancient bone altar of Kikubaaqudgha.
  2167 | D:2      | Learned a level 3 spell: Spider Form
  2536 | D:3      | Noticed epen's ghost (amateur DsTm)
  2621 | D:3      | Mangled by a gnoll

Skill      XL: |  1  2  3  4 |
---------------+-------------+-----
Unarmed Combat | 3 |  3.6
Dodging        | 2 |  2.2
Transmutations | 2 |  2.4
Fighting       | 2 |  2.0
Spellcasting   | |  2.6

Action                   |  1- 3 |  4- 6 || total
-------------------------+-------+-------++-------
Melee: Unarmed           |    56 |       ||    56
       Punch             |     1 |     1 ||     2
       Short sword       |    33 |    27 ||    60
  Use: Potion            |     3 |       ||     3
       Scroll            |     2 |       ||     2
  Eat: Chunk             |     3 |     2 ||     5
Armor: Robe              |     8 |     1 ||     9
       Skin              |     1 |       ||     1
Dodge: Dodged            |    50 |    17 ||    67
